 Dungeon Crawl Stone Soup version 0.30-a0-12-gd8047c6341 (webtiles) character file.

Game seed: 17429952061339754216

6 NinjaNoafa the Sneak (level 1, 9/9 HPs)
             Began as a Spriggan Enchanter on Aug 23, 2022.
             Quit the game on level 1 of the Dungeon.
             The game lasted 00:01:26 (546 turns).

NinjaNoafa the Sneak (Spriggan Enchanter)            Turns: 546, Time: 00:01:27

Health: 9/9        AC:  2    Str:  4    XL:     1   Next: 75%
Magic:  5/5        EV: 17    Int: 16    God:
Gold:   71         SH:  0    Dex: 15    Spells: 5/5 levels left

rFire   . . .      SeeInvis +    a - +1 dagger
rCold   . . .      Faith    .    (no shield)
rNeg    . . .      Spirit   .    b - +0 robe
rPois   .          Reflect  .    (helmet restricted)
rElec   .          Harm     .    (no cloak)
rCorr   .          Rampage  .    (gloves unavailable)
Will    .....                    (boots unavailable)
Stlth   +++.......               (no amulet)
HPRegen 0.03/turn                (no ring)
MPRegen 0.09/turn                (no ring)

@: very quick
A: very small, no large weapons, unfitting armour, see invisible, speed 3
a: no special abilities


You were on level 1 of the Dungeon.
You visited 1 branch of the dungeon, and saw 1 of its levels.

You collected 71 gold pieces.

Inventory:

Hand Weapons
 a - a +1 dagger (weapon)
Missiles
 f - 14 stones (quivered)
Armour
 b - a +0 robe (worn)
Scrolls
 d - a scroll of immolation {unknown}
Potions
 c - 2 potions of invisibility
 e - a potion of curing {unknown}


   Skills:
 - Level 1.1 Short Blades
 - Level 2.6 Dodging
 - Level 4.4 Stealth
 - Level 2.6 Spellcasting
 + Level 3.9 Hexes
 + Level 0.6 Ice Magic


You had 5 spell levels left.
You didn't know any spells.
Your spell library contained the following spells:

 Spells                   Type           Power      Damage    Failure   Level
 Ensorcelled Hibernation  Hex/Ice        18%        N/A       12%         2
 Confusing Touch          Hex            14%        N/A       12%         3
 Tukima's Dance           Hex            14%        N/A       12%         3
 Dazzling Flash           Conj/Hex       16%        N/A       26%         3


Dungeon Overview and Level Annotations

Branches:
Dungeon (1/15)

Altars:


Innate Abilities, Weirdness & Mutations

You are very small and have problems with some larger weapons.
You are too small for most types of armour.
You have supernaturally acute eyesight. (SInv)
You cover ground extremely quickly. (Speed+++)


Message History

The rat is severely wounded.
The rat misses you.
You hit the rat.
You kill the rat!
You now have 71 gold pieces (gained 18).
f - 5 stones
There is a stone staircase leading down here.
f - 14 stones (gained 9)
A hobgoblin comes into view.
A ball python comes into view.
The hobgoblin shouts!
You hear a shout!
A hobgoblin comes into view.
You hit the hobgoblin but do no damage. You hit the hobgoblin.
The hobgoblin is heavily wounded.
The hobgoblin hits you.
You hit the hobgoblin but do no damage.
The hobgoblin is heavily wounded.
The hobgoblin misses you.
You hit the hobgoblin but do no damage.
The hobgoblin is heavily wounded.
The hobgoblin closely misses you.
You hit the hobgoblin but do no damage.
The hobgoblin is heavily wounded.
The hobgoblin closely misses you.
You hit the hobgoblin.
The hobgoblin is severely wounded.
The hobgoblin closely misses you.
You hit the hobgoblin.
You kill the hobgoblin!
You hit the hobgoblin.
The hobgoblin is heavily wounded.
The hobgoblin misses you.
Okay, then.
You hit the hobgoblin.
You kill the hobgoblin!
Things that are here:
a hobgoblin corpse; a hobgoblin corpse
Found a hand axe.
Are you sure you want to abandon this character and quit the game? (Confirm with "yes".)

..# #.
.............
....#.
...........
..#.#.
)........
......
....... #
...... .....
#.##+++##.#
...
#.#.....#.#
#.#
#.#..<..#..
#@#
#.#.....#..
#.#
#.#.....#..
#.#
#.##'''##..
#.#
#..........
#.#
##.........
#.#
##.###....
#.# #.# #.##.
#.# #.# #.##.
#.# #.# #.##.


There were no monsters in sight!

Vanquished Creatures
  An endoplasm (D:1)
  A goblin (D:1)
  2 hobgoblins (D:1)
  A rat (D:1)
5 creatures vanquished.

Vanquished Creatures (others)
  2 fungi (D:1)
2 creatures vanquished.

Grand Total: 7 creatures vanquished

Notes
Turn   | Place    | Note
-------+----------+-------------------------------------------
     0 | D:1      | NinjaNoafa the Spriggan Enchanter began the quest for the
                  | Orb.
     0 | D:1      | Reached XP level 1. HP: 9/9 MP: 5/5
   546 | D:1      | Quit the game

Illustrated notes

Levels and vault maps discovered:
D:1:      dpeg_arrival_windows_large_door, layout_basic,
          minmay_misc_feat_enclosed, dreamdust_mushroom_princess,
          minmay_door_square

Action                   || total
-------------------------++-------
Melee: Dagger            ||    19
 Stab: Sleeping          ||     1
Armor: Robe              ||     1
Dodge: Dodged            ||    10

Table legend: (Time is in decaauts)
 A = Elapsed time spent in this place.
 B = Non-inter-level travel time spent in this place.
 C = Inter-level travel time spent in this place.
 D = Time resting spent in this place.
 E = Time spent auto-exploring this place.
 F = Levels seen in this place.
 G = Mean time per level.
                   A        B        C        D        E       F      G
               +--------+--------+--------+--------+--------+-----+--------+
         Total |    437 |    437 |      0 |      0 |    384 |   1 |  437.0 |
       Dungeon |    437 |    437 |      0 |      0 |    384 |   1 |  437.0 |
               +--------+--------+--------+--------+--------+-----+--------+

Top non-repeatable levels by time:
     D:1: 437 daAuts
